 Dungeon Crawl Stone Soup version 0.20.1-1-g8b1a95d (webtiles) character file.

606 Jannitor the Fighter (level 7, -9/72 HPs)
             Began as an Ogre Chaos Knight on Aug 31, 2017.
             Mangled by Lysie's ghost (16 damage)
             ... on level 4 of the Dungeon.
             The game lasted 00:09:09 (5341 turns).

Jannitor the Fighter (Ogre Chaos Knight)            Turns: 5341, Time: 00:09:09

Health: -9/72      AC:  6    Str: 13      XL:     7   Next: 42%
Magic:  7/7        EV: 10    Int: 13      God:    Xom [...*..]
Gold:   211        SH:  0    Dex:  8 (9)  Spells: 6/6 levels left

rFire    . . .     SeeInvis .   v - +0 morningstar
rCold    . . .     Gourm    .   (no shield)
rNeg     . . .     Faith    .   b - +2 robe
rPois    .         Spirit   .   (helmet restricted)
rElec    .         Reflect  .   (no cloak)
rCorr    .         Harm     .   (gloves unavailable)
MR       .....                  (boots unavailable)
Stlth    +.........             (no amulet)
Regen    0.3/turn               i - -3 ring of strength (curse)
MPRegen  0.1/turn               (no ring)

@: no status effects
A: unfitting armour, frail 1, sense surroundings 1, screaming 1, shaggy fur 1,
tough skin 1, weak 1
a: Renounce Religion


You were on level 4 of the Dungeon.
You worshipped Xom.
You were a favourite toy of Xom.
You were hungry.

You visited 1 branch of the dungeon, and saw 4 of its levels.

You collected 211 gold pieces.

Inventory:

Hand Weapons
 a - a +0 mace of chaos
 v - a +0 morningstar (weapon)
Armour
 b - a +2 robe (worn)
Jewellery
 i - a cursed -3 ring of strength (left hand)
 p - an uncursed ring of wizardry {unknown}
Scrolls
 d - 2 scrolls of recharging {unknown}
 e - 4 scrolls of remove curse {unknown}
 f - a scroll of enchant armour {unknown}
 h - 2 scrolls of enchant weapon {unknown}
 j - 3 scrolls of teleportation {unknown}
 k - a scroll of identify {unknown}
 q - 2 scrolls of noise {unknown}
 s - a scroll of immolation {unknown}
Potions
 g - 2 potions of cancellation
 m - a potion of curing {unknown}
 n - a potion of degeneration
 o - a potion of agility {unknown}
 r - a potion of heal wounds {unknown}
 t - a potion of lignification {unknown}
 u - a potion of resistance {unknown}
Comestibles
 c - 3 bread rations
 l - 2 royal jellies


   Skills:
 + Level 8.4 Fighting
 + Level 5.5 Maces & Flails
 - Level 2.1 Dodging


You had 6 spell levels left.
You didn't know any spells.

Dungeon Overview and Level Annotations

Branches:
Dungeon (4/15)
 Temple: D:4-7

Altars:

Annotations:
D:4 Lysie's ghost, novice MiFi


Innate Abilities, Weirdness & Mutations

You are too large for most types of armour.
You have tough skin. (AC +1)
You are frail. (-10% HP)
You passively map a small area around you.
You occasionally shout uncontrollably at your foes.
You are covered in fur. (AC +1)
You are weak. (Str -2)


Message History

Your crimson imp closely misses Lysie's ghost.
Lysie's ghost hits your iron imp!
Your ufetubus closely misses Lysie's ghost.
Your ufetubus barely misses Lysie's ghost.
You see here a scroll labeled QETYARUSTRA.
You closely miss Lysie's ghost.
Lysie's ghost is severely damaged.
Your ufetubus degenerates into a cloud of primal chaos!
Your crimson imp misses Lysie's ghost.
Lysie's ghost hits you but does no damage.
Your iron imp barely misses Lysie's ghost.
Your crimson imp hits Lysie's ghost but does no damage.
Lysie's ghost hits you!
* * * LOW HITPOINT WARNING * * *
You barely miss Lysie's ghost.
Lysie's ghost is severely damaged.
Your iron imp barely misses Lysie's ghost.
Your crimson imp hits Lysie's ghost but does no damage.
Lysie's ghost hits you!
You die...

..###<.##...............# ###
##.#..........<....##........
######...........................
.......................###.......
.#####..................(........
...#.............................
.................................
...####..........................
...............ยง@............(#
................................#
#...............................#
#...............................#
#.......................,


You could see Lysie's ghost, a friendly iron imp and a friendly crimson imp.

Vanquished Creatures
  A sky beast (D:4)
  A phantom (D:4)
  A howler monkey (D:3)
  An orc wizard (D:3)
  An orc priest (D:3)
  A hound (D:3)
  An iguana (D:4)
  2 worker ants (D:3)
  Robin (D:2)
  2 adders (D:2)
  An ooze (D:1)
  4 worms
  A dart slug (D:1)
  5 leopard geckos
  15 orcs
  A ball python (D:2)
  2 giant cockroaches
  17 goblins
  10 hobgoblins
  11 jackals
  A quokka (D:3)
  11 bats
  3 frilled lizards
  13 kobolds
  9 rats
116 creatures vanquished.

Vanquished Creatures (collateral kills)
  The ghost of Gargoyl the Skirmisher, an amateur MiAK of Lugonu (D:3)
1 creature vanquished.

Grand Total: 117 creatures vanquished

Notes
Turn   | Place    | Note
-------+----------+-------------------------------------------
     0 | D:1      | Jannitor the Ogre Chaos Knight began the quest for the Orb.
     0 | D:1      | Reached XP level 1. HP: 24/24 MP: 1/1
   220 | D:1      | Reached XP level 2. HP: 30/32 MP: 2/2
   503 | D:1      | XOM: harmless Necr miscast
   906 | D:1      | Reached XP level 3. HP: 41/41 MP: 3/3
  1023 | D:2      | XOM: mild Necr miscast
  1125 | D:2      | Reached skill level 5 in Fighting
  1136 | D:2      | XOM: harmless Summ miscast
  1376 | D:2      | Noticed Robin
  1744 | D:2      | XOM: mild Erth miscast
  1759 | D:2      | Reached XP level 4. HP: 50/50 MP: 4/4
  1797 | D:2      | XOM: cast spell 'Summon Butterflies'
  2029 | D:2      | Killed Robin
  2082 | D:2      | XOM is BORED!
  2082 | D:2      | XOM: noise
  2359 | D:2      | XOM: summons 2 hostile demons
  2381 | D:2      | XOM: give mutation
  2381 | D:2      | Gained mutation: You occasionally shout uncontrollably at your foes. [Xom's mischief]
  2515 | D:2      | XOM: medium Hex miscast
  2750 | D:3      | Reached XP level 5. HP: 57/59 MP: 5/5
  2767 | D:3      | Reached skill level 6 in Fighting
  3194 | D:3      | Noticed Gargoyl's ghost (amateur MiAK)
  3196 | D:3      | XOM: harmless Conj miscast
  3215 | D:3      | XOM: summons friendly white imp
  3233 | D:3      | XOM: confuse monster(s)
  3240 | D:3      | Killed Gargoyl's ghost
  3250 | D:3      | XOM: 3-stop teleportation journey
  3422 | D:3      | Reached XP level 6. HP: 67/68 MP: 6/6
  3435 | D:3      | XOM: smoke on damage
  3447 | D:3      | XOM: potion effect (might)
  3450 | D:3      | Reached skill level 7 in Fighting
  4215 | D:3      | XOM: summons 2 hostile shadow creatures
  4222 | D:3      | XOM: harmless Ice miscast
  4272 | D:3      | XOM: mild Conj miscast
  4511 | D:3      | XOM: give mutations
  4511 | D:3      | Gained mutation: You are weak. (Str -2) [Xom's mischief]
  4511 | D:3      | Gained mutation: You are frail. (-10% HP) [Xom's mischief]
  4734 | D:4      | Noticed Lysie's ghost (novice MiFi)
  4756 | D:3      | Reached skill level 5 in Maces & Flails
  4848 | D:3      | XOM: harmless Chrm miscast
  4928 | D:4      | Noticed a phantom
  4939 | D:3      | XOM: potion effect (curing)
  4940 | D:3      | Reached XP level 7. HP: 48/71 MP: 7/7
  5058 | D:4      | XOM: divination: detect items
  5178 | D:3      | XOM: give mutations
  5178 | D:3      | Gained mutation: You are covered in fur. (AC +1) [Xom's grace]
  5178 | D:3      | Gained mutation: You passively map a small area around you. [Xom's grace]
  5280 | D:4      | Reached skill level 8 in Fighting
  5309 | D:4      | XOM: summons 7 friendly demons
  5341 | D:4      | Mangled by Lysie's ghost

Skill      XL: |  1  2  3  4  5  6  7 |
---------------+----------------------+-----
Maces & Flails | 3 4 5 |  5.5
Fighting       | 5 6 7 8 |  8.4
Dodging        | |  2.1

Action                   |  1- 3 |  4- 6 |  7- 9 || total
-------------------------+-------+-------+-------++-------
Melee: Mace              |   135 |   248 |       ||   383
       Morningstar       |       |    10 |    28 ||    38
  Use: Potion            |       |     2 |       ||     2
 Stab: Petrifying        |       |     1 |       ||     1
       Distracted        |       |       |     1 ||     1
  Eat: Chunk             |     3 |    10 |     1 ||    14
Armor: Robe              |    64 |   140 |    12 ||   216
Dodge: Dodged            |    83 |   185 |     7 ||   275
